 Dungeon Crawl Stone Soup version 0.19.5 (webtiles) character file.

2585 Gargoyl the Covered (level 9, -3/75 HPs)
             Began as a Ghoul Abyssal Knight on Mar 14, 2017.
             Was an Elder of Lugonu.
             Slain by an orc warrior
             ... wielding a +0 dire flail
              (12 damage)
             ... on level 7 of the Dungeon.
             The game lasted 00:18:08 (7501 turns).

Gargoyl the Covered (Ghoul Abyssal Knight)          Turns: 7501, Time: 00:18:08

Health: -3/75      AC: 15    Str: 16    XL:     9   Next: 58%
Magic:  12/12      EV:  8    Int:  7    God:    Lugonu [****..]
Gold:   342        SH:  4    Dex: 11    Spells: 0 memorised, 8 levels left

rFire  . . .     SeeInvis .     x - +1 broad axe
rCold  + . .     Gourm    .     y - +0 plate armour
rNeg   + + +     Faith    .     g - +0 buckler
rPois  ∞         Spirit   .     e - +1 helmet
rElec  .         Reflect  .     (no cloak)
rCorr  .         Harm     .     (no gloves)
MR     +....                    (no boots)
Stlth  ..........               (no amulet)
                                v - ring of protection from magic
                                d - +3 ring of evasion

@: rotting
A: rotting body, claws 1, carnivore 3, cold resistance 1, negative energy
resistance 3, slow regeneration 1, torment resistance, unbreathing
a: Depart the Abyss, Bend Space, Banish, Corrupt, Renounce Religion


You were on level 7 of the Dungeon.
You worshipped Lugonu.
Lugonu was greatly pleased with you.
You were not hungry.

You visited 1 branch of the dungeon, and saw 7 of its levels.
You visited the Abyss 1 time.
You also visited: Ossuary.

You collected 342 gold pieces.

Inventory:

Hand Weapons
 a - a +3 hand axe
 x - a +1 broad axe (weapon)
Missiles
 m - 6 poisoned tomahawks (quivered)
Armour
 e - a +1 helmet (worn)
 g - a +0 buckler (worn)
 y - a +0 plate armour (worn)
Jewellery
 d - a +3 ring of evasion (left claw)
 j - an uncursed ring of flight
 n - an uncursed ring of protection from cold
 v - a ring of protection from magic (right claw)
Wands
 b - a wand of teleportation (5/9)
 u - a wand of lightning (0/15)
 w - a wand of iceblast (0/15)
Scrolls
 i - 2 scrolls of teleportation
 p - 3 scrolls of remove curse
 r - 4 scrolls of magic mapping
 t - a scroll of amnesia
 A - a scroll of identify
Potions
 f - 2 potions of berserk rage
 h - 3 potions of flight
 s - a potion of lignification
Books
 q - a book of Minor Magic

   Spells                             Type                      Level
   a - Magic Dart                     Conjuration                  1
   b - Blink                          Translocation                2
   c - Call Imp                       Summoning                    2
   d - Repel Missiles                 Charms/Air                   2
   e - Slow                           Hexes                        2
   f - Conjure Flame                  Conjuration/Fire             3
   g - Mephitic Cloud                 Conjuration/Poison/Air       3
Comestibles
 c - 5 meat rations
 k - 2 beef jerkies
 l - 2 slices of pizza
 o - a chunk of flesh


   Skills:
 + Level 6.0 Fighting
 + Level 6.6 Axes
 + Level 0.1 Throwing
 * Level 6.7 Armour
 + Level 1.8 Dodging
 + Level 2.0 Shields
 * Level 6.3 Invocations
 + Level 0.1 Evocations


You had 8 spell levels left.
You didn't know any spells.

Dungeon Overview and Level Annotations

Branches:
Dungeon (7/15)             Temple (0/1) D:4

Altars:
Ashenzari
Cheibriados
Dithmenos
Makhleb
Okawaru
Ru
Sif Muna


Innate Abilities, Weirdness & Mutations

Your body is rotting away.
You thrive on raw meat.
You are immune to poison.
You have sharp fingernails.
You are carnivorous and can eat meat at any time.
Your flesh is cold resistant. (rC+)
You are immune to negative energy. (rN+++)
You regenerate slowly when monsters are visible.
You are immune to unholy pain and torment.
You can survive without breathing.


Message History

The orc warrior hits you with a dire flail!
The hungry ghost hits you.
Unknown command.
You hit the orc warrior.
The orc warrior is heavily wounded.
You closely miss the hungry ghost.
The orc wizard gestures at you while chanting.
The puff of frost hits you!
The orc warrior hits you but does no damage.
The hungry ghost barely misses you.
Unknown command.
You hit the orc warrior but do no damage.
The orc warrior is heavily wounded.
You slash the orc wizard! You closely miss the hungry ghost.
The orc warrior hits you with a dire flail!
* * * LOW HITPOINT WARNING * * *
The orc wizard miscasts a cantrip.
The hungry ghost completely misses you.
The orc warrior hits you with a dire flail!
You die...

##.......)##oo..#
#.............
###.......##†h.#
#.............
###......#§o#
#.............
###.....###
#............. ###.$..#
#............. ###...###
##.........<..
#####.oo## ##...........
#....ooo.#####..........
......W@...####........#
#............###......##
##.............##....##
##..............#####
##........#......##.
###.....###.......#
###.### ##.....## ###
##...## #...#


You could see a hungry ghost, an orc warrior, 2 orc wizards and 2 orcs.

Vanquished Creatures
  A hungry ghost (D:7)
  Menkaure (D:7)
  Duvessa (D:7)
  An ice beast (D:5)
  An orc warrior (D:7)
  2 ogres (D:7)
  A phantom (D:6)
  A sky beast (D:7)
  2 centaurs (D:5)
  Blork the orc (D:6)
  A big kobold (D:7)
  A bullfrog (D:7)
  Dowan (D:7)
  3 scorpions
  A water moccasin skeleton (D:7)
  3 crimson imps
  3 centaur zombies (Ossuary)
  2 hounds (D:5)
  2 jellies
  5 orc priests
  Ijyb (D:3)
  5 worker ants
  An orc wizard (D:7)
  A big kobold zombie (Ossuary)
  2 hound skeletons
  6 mummies
  Robin (D:3)
  6 gnolls
  12 adders
  2 shadow imps (D:6)
  2 adder skeletons
  An adder zombie (D:6)
  4 worms
  3 dart slugs (D:1)
  5 leopard geckos
  18 orcs
  9 bats
  6 giant cockroaches
  13 goblins
  8 hobgoblins
  8 jackals
  2 quokkas (D:4)
  A ball python (D:4)
  6 frilled lizards
  2 goblin zombies (Ossuary)
  16 kobolds
  2 orc zombies (Ossuary)
  A quokka skeleton (D:7)
  6 rats
184 creatures vanquished.

Notes
Turn   | Place    | Note
-------+----------+-------------------------------------------
     0 | Abyss:1  | Gargoyl the Ghoul Abyssal Knight began the quest for the Orb.
     0 | Abyss:1  | Reached XP level 1. HP: 19/19 MP: 1/1
    48 | Abyss:1  | Noticed a large abomination
    52 | Abyss:1  | Noticed an efreet
    53 | D:1      | Escaped the Abyss
   153 | D:1      | Reached XP level 2. HP: 23/26 MP: 2/2
   186 | D:1      | Reached * piety under Lugonu
   466 | D:1      | Reached XP level 3. HP: 33/33 MP: 3/3
   514 | D:1      | Reached skill level 1 in Dodging
  1156 | D:2      | Reached XP level 4. HP: 27/40 MP: 4/4
  1390 | D:2      | Reached ** piety under Lugonu
  1506 | D:2      | Found an iron altar of Okawaru.
  1765 | D:3      | Noticed Robin
  1783 | D:3      | Killed Robin
  1839 | D:3      | Reached XP level 5. HP: 45/46 MP: 5/5
  2016 | D:3      | Noticed Ijyb
  2027 | D:3      | Killed Ijyb
  2102 | D:3      | Found a snail-covered altar of Cheibriados.
  2438 | D:3      | Reached XP level 6. HP: 48/53 MP: 7/7
  2921 | D:4      | Reached *** piety under Lugonu
  2963 | D:4      | Found a sand-covered staircase.
  3052 | Ossuary  | Entered an ossuary
  3787 | Ossuary  | HP: 1/50 [mummy (13)]
  4179 | Ossuary  | Reached XP level 7. HP: 46/60 MP: 8/8
  4592 | D:4      | Found a shadowy altar of Dithmenos.
  4640 | D:4      | Found a staircase to the Ecumenical Temple.
  4776 | D:5      | Entered Level 5 of the Dungeon
  5082 | D:5      | Reached skill level 5 in Fighting
  5082 | D:5      | Reached skill level 1 in Shields
  5210 | D:5      | Reached XP level 8. HP: 53/68 MP: 10/10
  5263 | D:5      | Reached skill level 5 in Armour
  5346 | D:5      | Reached **** piety under Lugonu
  5554 | D:6      | Found a shattered altar of Ashenzari.
  5910 | D:6      | Reached skill level 5 in Axes
  6246 | D:6      | Noticed Blork the orc
  6253 | D:6      | Found a deep blue altar of Sif Muna.
  6319 | D:6      | Killed Blork the orc
  6319 | D:6      | Reached skill level 5 in Invocations
  6797 | D:7      | Found a burning altar of Makhleb.
  6797 | D:7      | Noticed a cacodemon
  6801 | D:7      | Noticed a smoke demon
  6801 | D:7      | Noticed a ynoxinul
  6864 | D:7      | Found a sacrificial altar of Ru.
  6873 | D:7      | Noticed Duvessa
  6875 | D:7      | Noticed Dowan
  6900 | D:7      | Killed Duvessa
  6900 | D:7      | Reached XP level 9. HP: 54/74 MP: 12/12
  6908 | D:7      | Killed Dowan
  7108 | D:7      | Noticed Menkaure
  7115 | D:7      | Killed Menkaure
  7501 | D:7      | Slain by an orc warrior

Skill      XL: |  1  2  3  4  5  6  7  8  9 |
---------------+----------------------------+-----
Armour         | 2 3 4 6 |  6.7
Axes           | 2 3 4 5 6 |  6.6
Dodging        | 1 |  1.8
Fighting       | 4 5 6 |  6.0
Invocations    | 3 4 5 6 |  6.3
Shields        | 1 2 |  2.0
Throwing       | |  0.1
Evocations     | |  0.1

Action                   |  1- 3 |  4- 6 |  7- 9 || total
-------------------------+-------+-------+-------++-------
Melee: Hand axe          |   144 |   323 |   184 ||   651
       Broad axe         |       |       |   299 ||   299
Throw: Tomahawk          |       |       |     4 ||     4
Invok: Depart the Abyss  |     1 |       |       ||     1
Evoke: Wand              |       |       |     6 ||     6
  Use: Scroll            |     4 |    10 |     7 ||    21
       Potion            |       |     9 |     4 ||    13
  Eat: Chunk             |    17 |    35 |    67 ||   119
Armor: Chain mail        |   133 |   222 |   126 ||   481
       Plate armour      |       |       |   256 ||   256
Dodge: Dodged            |    76 |   109 |   194 ||   379
Block: Buckler           |     1 |    33 |   100 ||   134
